 Dungeon Crawl Stone Soup version 0.29.0-4-gdea44cf6ec (webtiles) character file.

Game seed: 10399435128400963598

46 qw the Chopper (level 3, -7/21 HPs)
             Began as a Tengu Warper on Aug 28, 2022.
             Killed by nerve-wracking pain
             ... invoked by Grinder
              (8 damage)
             ... on level 3 of the Dungeon.
             The game lasted 00:00:13 (2490 turns).

qw the Chopper (Tengu Warper)                       Turns: 2490, Time: 00:00:13

Health: -7/21      AC:  7    Str: 13    XL:     3   Next: 68%
Magic:  7/7        EV: 11    Int: 13    God:
Gold:   113        SH:  0    Dex: 13    Spells: 6/6 levels left

rFire   . . .      SeeInvis .   Y - +3 hand axe
rCold   . . .      Faith    .   (no shield)
rNeg    . . .      Spirit   .   j - +0 ring mail
rPois   .          Reflect  .   (helmet restricted)
rElec   .          Harm     .   f - +0 cloak
rCorr   .          Rampage  .   k - +0 pair of gloves
Will    .....                   (boots unavailable)
Stlth   +.........              (no amulet)
HPRegen 0.07/turn               (no ring)
MPRegen 0.10/turn               (no ring)

@: no status effects
A: beak, talons 3
a: no special abilities


You were on level 3 of the Dungeon.
You visited 1 branch of the dungeon, and saw 3 of its levels.

You collected 113 gold pieces.


Innate Abilities, Weirdness & Mutations

You have a beak for a mouth.
You have claws for feet.


   Skills:
 - Level 2.0 Fighting
 + Level 4.3 Axes
 - Level 1.0 Throwing
 - Level 1.1 Armour
 - Level 2.1 Dodging
 - Level 2.0 Spellcasting
 - Level 2.4 Translocations


You had 6 spell levels left.
You didn't know any spells.
Your spell library contained the following spells:

 Spells                   Type           Power      Damage    Failure   Level
 Blink                    Tloc           14%        N/A       30%         2
 Gell's Gravitas          Tloc           7%         N/A       52%         3
 Lesser Beckoning         Tloc           7%         N/A       52%         3
 Teleport Other           Tloc           7%         N/A       52%         3
 Manifold Assault         Tloc           7%         N/A       99%         5

Inventory:

Hand Weapons
 d - a +1 whip of electrocution
 Y - a +3 hand axe (weapon)
Armour
 f - a +0 cloak (worn)
 j - a +0 ring mail (worn)
 k - a +0 pair of gloves (worn)
Scrolls
 e - a scroll of identify
Potions
 l - a potion of heal wounds {unknown}
 m - a potion of attraction {unknown}
 n - a potion of berserk rage {unknown}

Dungeon Overview and Level Annotations

Branches:
Dungeon (3/15)

Altars:

Annotations:
D:3 Grinder


Message History

Things that are here:
a +0 club; a goblin corpse A ball python comes into view.
The ball python hisses angrily.
Grinder comes into view.
2478 ||| Stepping ~*~*~tactically~*~*~ (stealth).
Grinder shouts!
2480 ||| Stepping ~*~*~tactically~*~*~ (hiding).
You hit the ball python.
The ball python is heavily wounded.
The ball python barely misses you. The ball python grabs you.
The ball python constricts you. The ball python barely misses you.
The ball python constricts you.
You closely miss the ball python. Your peck misses the ball python.
The ball python is heavily wounded.
The ball python bites you but does no damage.
The ball python constricts you.
You hit the ball python.
You kill the ball python!
Grinder gestures at you. Pain shoots through your body!
Grinder says, "Tell me all your secrets, or I'll kill you."
Grinder hits you.
You writhe in agony.
You hit Grinder. Your kick misses Grinder.
Grinder is lightly wounded.
Grinder completely misses you.
You hit Grinder. Your peck misses Grinder.
Grinder is lightly wounded.
Grinder hits you.
You writhe in agony.
You barely miss Grinder.
Grinder is lightly wounded.
Grinder hits you but does no damage.
You closely miss Grinder. Your kick misses Grinder. Your peck misses Grinder.
Grinder is lightly wounded.
Grinder closely misses you.
You closely miss Grinder. Your kick misses Grinder. You peck Grinder.
Grinder is moderately wounded.
Grinder gestures at you. Pain shoots through your body!
You die...

. .. .. .# ####.#
#.5..# ##@# #..#
#.## ### ##.#
....#####..#
#.......##
###...###### #####
#........######...#
##.####.).....##...#


You could see Grinder.

Vanquished Creatures
  2 dart slugs (D:1)
  3 ball pythons
  4 bats (D:1)
  5 endoplasms
  A giant cockroach (D:1)
  2 goblins
  5 hobgoblins
  6 kobolds
  2 quokkas (D:1)
  3 frilled lizards
  4 rats
37 creatures vanquished.

Notes
Turn   | Place    | Note
-------+----------+-------------------------------------------
     0 | D:1      | qw the Tengu Warper began the quest for the Orb.
     0 | D:1      | Reached XP level 1. HP: 12/12 MP: 4/4
     0 | D:1      | 0 ||| qw: Version: 0.1-a-89-g26bdef1
     0 | D:1      | 0 ||| qw: Game counter: 1399
     0 | D:1      | 0 ||| qw: Always use a shield: true
     0 | D:1      | 0 ||| qw: God list: Okawaru
     0 | D:1      | 0 ||| qw: Allow faded altars: false
     0 | D:1      | 0 ||| qw: Do Orc after D:15 true
     0 | D:1      | 0 ||| qw: Do second Lair branch before Depths: true
     0 | D:1      | 0 ||| qw: Lair rune preference: random
     0 | D:1      | 0 ||| qw: Plans: Normal
     0 | D:1      | 0 ||| PLANNING D:1-11
   222 | D:1      | Found a faded altar of an unknown god.
   227 | D:1      | Reached XP level 2. HP: 17/17 MP: 6/6
   312 | D:1      | Reached skill level 3 in Axes
   717 | D:1      | 717 ||| Stepping ~*~*~tactically~*~*~ (stealth).
   814 | D:1      | 814 ||| Stepping ~*~*~tactically~*~*~ (stealth).
   851 | D:1      | 851 ||| Stepping ~*~*~tactically~*~*~ (hiding).
  1214 | D:1      | Reached XP level 3. HP: 21/21 MP: 7/7
  1275 | D:1      | 1275 ||| Stepping ~*~*~tactically~*~*~ (hiding).
  1468 | D:1      | 1468 ||| UPGRADING to +0 ring mail.
  1478 | D:1      | 1478 ||| DROPPING +0 leather armour.
  1479 | D:1      | 1479 ||| DROPPING +1 robe of the Archmagi.
  1480 | D:1      | 1480 ||| READING scroll labelled BIERPH UDIZUOKH.
  1481 | D:1      | 1481 ||| READING 3 scrolls labelled PELIZU HEMAJUI.
  1482 | D:1      | 1482 ||| READING 2 scrolls of enchant weapon.
  1482 | D:1      | 1482 ||| ENCHANTING +1 hand axe.
  1483 | D:1      | 1483 ||| READING scroll of enchant weapon.
  1483 | D:1      | 1483 ||| ENCHANTING +2 hand axe.
  1484 | D:1      | 1484 ||| READING scroll labelled UCWORR RUPS.
  1485 | D:1      | 1485 ||| DROPPING scroll of blinking.
  1486 | D:1      | 1486 ||| Stepping randomly (stuck).
  1487 | D:1      | 1487 ||| Stepping randomly (stuck).
  1488 | D:1      | 1488 ||| Stepping randomly (stuck).
  1489 | D:1      | 1489 ||| Stepping randomly (stuck).
  1490 | D:1      | 1490 ||| Stepping randomly (stuck).
  1491 | D:1      | 1491 ||| Stepping randomly (stuck).
  1492 | D:1      | 1492 ||| Stepping randomly (stuck).
  1493 | D:1      | 1493 ||| Stepping randomly (stuck).
  1494 | D:1      | 1494 ||| Stepping randomly (stuck).
  1495 | D:1      | 1495 ||| Stepping randomly (stuck).
  1496 | D:1      | 1496 ||| Stepping randomly (stuck).
  1497 | D:1      | 1497 ||| Stepping randomly (stuck).
  1498 | D:1      | 1498 ||| Stepping randomly (stuck).
  1499 | D:1      | 1499 ||| Stepping ~*~*~tactically~*~*~ (cloud).
  1506 | D:1      | HP: 5/21 [poisoned by you (poison gas)]
  1755 | D:2      | 1755 ||| STAIRDANCE
  1818 | D:2      | Reached skill level 4 in Axes
  1826 | D:2      | 1826 ||| Stepping ~*~*~tactically~*~*~ (stealth).
  1834 | D:2      | 1834 ||| Stepping ~*~*~tactically~*~*~ (stealth).
  1925 | D:2      | 1925 ||| Stepping ~*~*~tactically~*~*~ (stealth).
  2422 | D:2      | 2422 ||| UPGRADING to +0 cloak.
  2427 | D:2      | 2427 ||| UPGRADING to +0 pair of gloves.
  2432 | D:2      | 2432 ||| READING scroll labelled EMIR TABIZ.
  2433 | D:2      | 2433 ||| READING scroll labelled GUSCHO ISEZ.
  2434 | D:2      | 2434 ||| READING scroll labelled SESICO ATIPS.
  2435 | D:2      | 2435 ||| READING 4 scrolls labelled QIQYIWKARGHE.
  2436 | D:2      | 2436 ||| READING scroll labelled SAGEN JIMAPS.
  2437 | D:2      | 2437 ||| READING 3 scrolls of identify.
  2437 | D:2      | 2437 ||| IDENTIFYING sedimented black potion
  2438 | D:2      | 2438 ||| READING 2 scrolls of identify.
  2438 | D:2      | 2438 ||| IDENTIFYING smoky grey potion
  2439 | D:2      | 2439 ||| DROPPING potion of lignification.
  2440 | D:2      | 2440 ||| DROPPING potion of invisibility.
  2477 | D:3      | Noticed Grinder
  2478 | D:3      | 2478 ||| Stepping ~*~*~tactically~*~*~ (stealth).
  2480 | D:3      | 2480 ||| Stepping ~*~*~tactically~*~*~ (hiding).
  2487 | D:3      | HP: 4/21 [Grinder (4)]
  2487 | D:3      | HP: 1/21 [Grinder (3)]
  2490 | D:3      | Killed from afar by Grinder

Levels and vault maps discovered:
D:1:      elethiomel_arrival_infinity_welcomes_careful_drivers, layout_basic,
          shapermc_ecumenical_altar_ellora, minmay_misc_feat_doors,
          chequers_serial_rivers_micro_b
D:2:      layout_rooms
D:3:      layout_rooms, nicolae_uskayaw_murder_on_the_dancefloor,
          hangedman_glass_teeth, uniq_grinder, uniq_ijyb

Skill      XL: |  1  2  3 |
---------------+----------+-----
Axes           | 3 4 |  4.3
Fighting       | |  2.0
Throwing       | |  1.0
Armour         | |  1.1
Dodging        | |  2.1
Spellcasting   | |  2.0
Translocations | |  2.4

Action                   || total
-------------------------++-------
Melee: Hand axe          ||    70
       Peck              ||     8
       Kick              ||    12
Throw: Boomerang         ||     7
  Use: Scroll            ||    12
 Stab: Distracted        ||     1
Armor: Leather armour    ||     6
       Ring mail         ||     4
Dodge: Dodged            ||    23

Table legend:
 A = Non-vault XP
 B = Vault XP
 C = Vault XP percentage of total XP
 D = Non-vault monster count
 E = Vault monster count
 F = Vault count percentage of total count
                 A         B        C        D         E       F
            +---------+---------+-------+---------+---------+-------
      Total |      67 |       0 |   0.0 |      37 |       0 |   0.0
            +---------+---------+-------+---------+---------+-------
        D:1 |      38 |       0 |   0.0 |      19 |       0 |   0.0
        D:2 |      25 |       0 |   0.0 |      16 |       0 |   0.0
        D:3 |       4 |       0 |   0.0 |       2 |       0 |   0.0
            +---------+---------+-------+---------+---------+-------
